 Dungeon Crawl Stone Soup version 0.27.1-33-g824d729ab1 (webtiles) character file.

Game seed: 3577579981244228795

6 raph the Stinger (level 1, 0/10 HPs)
             Began as a Deep Elf Venom Mage on Dec 4, 2021.
             Slain by a quokka (2 damage)
             ... on level 1 of the Dungeon.
             The game lasted 00:00:50 (409 turns).

raph the Stinger (Deep Elf Venom Mage)               Turns: 409, Time: 00:00:51

Health: 0/10       AC:  2    Str:  5    XL:     1   Next: 75%
Magic:  4/6        EV: 12    Int: 19    God:
Gold:   3          SH:  0    Dex: 15    Spells: 5/6 levels left

rFire    . . .     SeeInvis .   f - +0 short sword (protect)
rCold    . . .     Faith    .   (no shield)
rNeg     . . .     Spirit   .   a - +0 robe
rPois    .         Reflect  .   (no helmet)
rElec    .         Harm     .   (no cloak)
rCorr    .         Rampage  .   (no gloves)
Will     .....                  (no boots)
Stlth    ++........             (no amulet)
HPRegen  0.03/turn              (no ring)
MPRegen  0.10/turn              (no ring)

@: no status effects
A: no striking features
a: no special abilities


You were on level 1 of the Dungeon.
You visited 1 branch of the dungeon, and saw 1 of its levels.

You collected 3 gold pieces.

Inventory:

Hand Weapons
 f - a +0 short sword of protection (weapon)
Armour
 a - a +0 robe (worn)
Scrolls
 d - a scroll of amnesia {unknown}
Potions
 b - a potion of mutation {unknown}
 c - a potion of curing {unknown}
 e - a potion of heal wounds {unknown}


   Skills:
 - Level 2.4 Dodging
 - Level 2.4 Stealth
 - Level 3.0 Spellcasting
 - Level 1.1 Transmutations
 + Level 3.7 Poison Magic


You had 5 spell levels left.
You knew the following spells:

 Your Spells              Type           Power      Damage    Failure   Level
a - Sting                 Tmut/Pois      48%        1d5       5%          1

Your spell library contained the following spells:

 Spells                   Type           Power      Damage    Failure   Level
 Poisonous Vapours        Pois/Air       18%        N/A       11%         2
 Mephitic Cloud           Conj/Pois/Air  7%         N/A       26%         3
 Olgreb's Toxic Radiance  Pois           17%        N/A       32%         4


Dungeon Overview and Level Annotations

Branches:
Dungeon (1/15)

Altars:


Message History

Things that are here:
a +0 short sword of protection; a kobold corpse
f - a +0 short sword of protection Your +0 short sword of protection hums with potential!
f - a +0 short sword of protection (weapon)
Found 3 gold pieces.
You now have 3 gold pieces.
Found a sedimented amethyst potion.
A ball python comes into view.
A quokka comes into view.
Found 18 stones.
An endoplasm comes into view.
Found 7 gold pieces.
Aiming: Sting (safe; 5% risk of failure)
Press: ? - help, Q - select action Shift-Dir - straight line, f - quokka
Aim: a quokka (60% to hit)
The sting hits the quokka.
The quokka is poisoned.
The quokka is lightly wounded.
The quokka bites you.
Ouch! That really hurt!
The endoplasm quivers.
The quokka looks more healthy.
The quokka bites you.
* * * LOW HITPOINT WARNING * * *
You hear a splashing noise.
Aiming: Sting (safe; 5% risk of failure)
Press: ? - help, Q - select action Shift-Dir - straight line, f/p - quokka
Aim: a quokka (moderately wounded, 60% to hit)
The sting misses the quokka.
You hear a splashing noise.
The quokka barely misses you. The quokka closely misses you.
Aiming: Sting (safe; 5% risk of failure)
Press: ? - help, Q - select action Shift-Dir - straight line, f/p - quokka
Aim: a quokka (moderately wounded, 60% to hit)
The sting hits the quokka but does no damage.
The quokka is poisoned.
The quokka is moderately wounded.
The quokka barely misses you. The quokka bites you.
You die...

### ..# #. #.# #. #.#
#.######## ##.###########
#........# #............#
#.######.###..#########†#
##...# #.......#########.#
..!#.###...J...r@........#
............########.##..#
≈.....P###### #.##..#
≈≈P≈≈≈≈≈≈≈≈ ##†##..#
≈≈≈≈≈≈≈≈≈≈≈≈ #......#
≈≈≈≈≈PP≈≈≈## ##.##..#
≈≈≈≈r.P.### #.#.#..#####
...≈≈...≈ ####.......#
.......... #...#..###.#


You could see an endoplasm and a quokka (poisoned).

Vanquished Creatures
  A hobgoblin (D:1)
  A kobold (D:1)
  A quokka (D:1)
  A ball python (D:1)
  2 frilled lizards (D:1)
6 creatures vanquished.

Vanquished Creatures (others)
  A minotaur (D:1)
  2 draconians (D:1)
  A gargoyle (D:1)
  An elf (D:1)
  A spriggan (D:1)
  A formicid (D:1)
  A vampire (D:1)
  A naga (D:1)
  2 tengu (D:1)
  A mummy (D:1)
  A plant (D:1)
  5 tentacles (D:1)
18 creatures vanquished.

Grand Total: 24 creatures vanquished

Notes
Turn   | Place    | Note
-------+----------+-------------------------------------------
     0 | D:1      | raph the Deep Elf Venom Mage began the quest for the Orb.
     0 | D:1      | Reached XP level 1. HP: 10/10 MP: 6/6
     0 | D:1      | Noticed a draconian
     0 | D:1      | Noticed a vampire
     0 | D:1      | Noticed a draconian
     0 | D:1      | Noticed a gargoyle
     0 | D:1      | Noticed a tengu
     0 | D:1      | Noticed a formicid
     0 | D:1      | Noticed a kraken
     0 | D:1      | Noticed a spriggan
     0 | D:1      | Noticed a naga
     0 | D:1      | Noticed a minotaur
     0 | D:1      | Noticed an elf
     0 | D:1      | Noticed a tengu
     2 | D:1      | Killed a tengu
     4 | D:1      | Killed a tengu
     4 | D:1      | Killed a formicid
     5 | D:1      | Killed a gargoyle
     6 | D:1      | Killed a draconian
     6 | D:1      | Killed a minotaur
     7 | D:1      | Killed an elf
     7 | D:1      | Killed a spriggan
     7 | D:1      | Killed a vampire
     9 | D:1      | Killed a naga
     9 | D:1      | Killed a draconian
   409 | D:1      | Slain by a quokka

Illustrated notes

Levels and vault maps discovered:
D:1:      nicolae_arrival_kraken_aquarium_a, layout_loops_ring,
          chequers_big_river

Action                   || total
-------------------------++-------
Melee: Unarmed           ||     1
 Cast: Sting             ||    13
Dodge: Dodged            ||     8
